| TOP OF THE 1ST |
|
Chicago (NYP) White Sox batting - Pitching for Los Angeles (NYP) Angels : RHP Nick Madrid
|
|
Pitching: RHP Nick Madrid
|
|
|
Batting: RHB Justin Usner
|
0-0: Foul Ball, location: 2F 0-1: Swinging Strike 0-2: Ball 1-2: Ball 2-2: Ground out 4-3 (Groundball, 4, EV 103.8 MPH)
|
|
Batting: RHB Jeremy Hoffert
|
0-0: Called Strike 0-1: Reached on error, E6 (Groundball, 6, EV 108.1 MPH)
|
|
Batting: LHB Brandon Hopper
|
0-0: Called Strike Jeremy Hoffert steals 2nd base 0-1: Fly out, F9 (Flyball, 89XD, EV 97.5 MPH) Runner from 2nd tags up, SAFE at 3rd, no throw by RF
|
|
Batting: LHB Wes Goscinski
|
0-0: Ball 1-0: Called Strike 1-1: Ball 2-1: Foul Ball, location: 2F 2-2: Foul Ball, location: 2F 2-2: Foul Ball, location: 2F 2-2: Strikes out looking
|
| Top of the 1st over - 0 runs, 0 hits, 1 error, 1 left on base; Chicago (NYP) 0 - Los Angeles (NYP) 0 |
| BOTTOM OF THE 1ST |
|
Los Angeles (NYP) Angels batting - Pitching for Chicago (NYP) White Sox : LHP Isaiah Oates
|
|
Pitching: LHP Isaiah Oates
|
|
|
Batting: RHB Steve Hasson
|
0-0: Called Strike 0-1: Ball 1-1: Foul Ball, location: 2F 1-2: Ball 2-2: Ground out 6-3 (Groundball, 6, EV 106.9 MPH)
|
|
Batting: RHB Jeff Long
|
0-0: Called Strike 0-1: Called Strike 0-2: Strikes out swinging
|
|
Batting: RHB Randy Grewe
|
0-0: Ball 1-0: Swinging Strike 1-1: Swinging Strike 1-2: Strikes out swinging
|
| Bottom of the 1st over - 0 runs, 0 hits, 0 errors, 0 left on base; Chicago (NYP) 0 - Los Angeles (NYP) 0 |
| TOP OF THE 2ND |
|
Chicago (NYP) White Sox batting - Pitching for Los Angeles (NYP) Angels : RHP Nick Madrid
|
|
Batting: RHB Mitch Cuadros
|
0-0: Ball 1-0: Ball 2-0: Called Strike 2-1: Foul Ball, location: 2F 2-2: Ball 3-2: Fly out, F8 (Flyball, 8RM, EV 80.0 MPH)
|
|
Batting: RHB Bill Mannino
|
0-0: Foul Ball, location: 2F 0-1: Ball 1-1: Swinging Strike 1-2: Strikes out swinging
|
|
Batting: RHB Mike Zern
|
0-0: Ground out 6-3 (Groundball, 6, EV 91.9 MPH)
|
| Top of the 2nd over - 0 runs, 0 hits, 0 errors, 0 left on base; Chicago (NYP) 0 - Los Angeles (NYP) 0 |
| BOTTOM OF THE 2ND |
|
Los Angeles (NYP) Angels batting - Pitching for Chicago (NYP) White Sox : LHP Isaiah Oates
|
|
Batting: RHB Jon Griffin
|
0-0: Called Strike 0-1: Ground out 5-3 (Groundball, 56, EV 81.2 MPH)
|
|
Batting: SHB Conor Davies
|
0-0: Ball 1-0: Called Strike 1-1: Ball 2-1: Foul Ball, location: 2F 2-2: Strikes out swinging
|
|
Batting: RHB Tsega Haida
|
0-0: Ball 1-0: Ball 2-0: Ground out 5-3 (Groundball, 5S, EV 88.1 MPH)
|
| Bottom of the 2nd over - 0 runs, 0 hits, 0 errors, 0 left on base; Chicago (NYP) 0 - Los Angeles (NYP) 0 |
| TOP OF THE 3RD |
|
Chicago (NYP) White Sox batting - Pitching for Los Angeles (NYP) Angels : RHP Nick Madrid
|
|
Batting: RHB Victor Orozco
|
0-0: Called Strike 0-1: Foul Ball, location: 2F 0-2: Strikes out swinging
|
|
Batting: SHB Jason Bresnahan
|
0-0: Ground out 4-3 (Groundball, 4, EV 82.5 MPH)
|
|
Batting: RHB Justin Usner
|
0-0: Ball 1-0: Ground out 5-3 (Groundball, 56, EV 85.0 MPH)
|
| Top of the 3rd over - 0 runs, 0 hits, 0 errors, 0 left on base; Chicago (NYP) 0 - Los Angeles (NYP) 0 |
| BOTTOM OF THE 3RD |
|
Los Angeles (NYP) Angels batting - Pitching for Chicago (NYP) White Sox : LHP Isaiah Oates
|
|
Batting: RHB Steve Hughey
|
0-0: Ball 1-0: Called Strike 1-1: Ball 2-1: Ball 3-1: Base on Balls
|
|
Batting: RHB Jason Habeck
|
Balk! Steve Hughey to second 0-0: Ball 1-0: DOUBLE (Flyball, 89D, EV 105.6 MPH) Steve Hughey scores
|
|
Pinch Runner at 2nd David Kunze:
|
|
|
Batting: RHB Zach Robbins
|
0-0: Called Strike 0-1: Ground out 5-3 (Groundball, 56, EV 84.4 MPH)
|
|
Batting: RHB Steve Hasson
|
0-0: Ball 1-0: Ball 2-0: Foul Ball, location: 2F 2-1: Ground out 6-3 (Groundball, 6, EV 81.9 MPH) David Kunze to third
|
|
Batting: RHB Jeff Long
|
0-0: Ball Passed Ball! David Kunze scores 1-0: Ball 2-0: Ball 3-0: Called Strike 3-1: Called Strike 3-2: Fly out, F9 (Flyball, 89XD, EV 103.8 MPH)
|
| Bottom of the 3rd over - 2 runs, 1 hit, 0 errors, 0 left on base; Chicago (NYP) 0 - Los Angeles (NYP) 2 |
| TOP OF THE 4TH |
|
Chicago (NYP) White Sox batting - Pitching for Los Angeles (NYP) Angels : RHP Nick Madrid
|
|
Now at 2B: Steve Hasson
|
|
|
Now at SS: David Kunze
|
|
|
Batting: RHB Jeremy Hoffert
|
0-0: Ball 1-0: Ball 2-0: Called Strike 2-1: Fly out, F7 (Flyball, 7S, EV 87.5 MPH)
|
|
Batting: LHB Brandon Hopper
|
0-0: Called Strike 0-1: Ball 1-1: Swinging Strike 1-2: Ground out 5-3 (Groundball, 56S, EV 70.6 MPH)
|
|
Batting: LHB Wes Goscinski
|
0-0: Called Strike 0-1: Foul Ball, location: 2F 0-2: Ball 1-2: Fly out, F9 (Flyball, 89D, EV 98.1 MPH)
|
| Top of the 4th over - 0 runs, 0 hits, 0 errors, 0 left on base; Chicago (NYP) 0 - Los Angeles (NYP) 2 |
| BOTTOM OF THE 4TH |
|
Los Angeles (NYP) Angels batting - Pitching for Chicago (NYP) White Sox : LHP Isaiah Oates
|
|
Batting: RHB Randy Grewe
|
0-0: Ball 1-0: Ball 2-0: Called Strike 2-1: Called Strike 2-2: Strikes out looking
|
|
Batting: RHB Jon Griffin
|
0-0: Ball 1-0: Ball 2-0: Ball 3-0: Called Strike 3-1: Foul Ball, location: 2F 3-2: Base on Balls
|
|
Batting: SHB Conor Davies
|
0-0: Ball 1-0: SINGLE (Flyball, 3D, EV 99.4 MPH) Jon Griffin to second
|
|
Batting: RHB Tsega Haida
|
0-0: Ball Jon Griffin steals 3rd base 1-0: Grounds into double play, 4-6-3 (Groundball, 4, EV 107.5 MPH)
|
| Bottom of the 4th over - 0 runs, 1 hit, 0 errors, 1 left on base; Chicago (NYP) 0 - Los Angeles (NYP) 2 |
| TOP OF THE 5TH |
|
Chicago (NYP) White Sox batting - Pitching for Los Angeles (NYP) Angels : RHP Nick Madrid
|
|
Batting: RHB Mitch Cuadros
|
0-0: Ball 1-0: Foul Ball, location: 2F 1-1: Swinging Strike 1-2: Ball 2-2: Strikes out swinging
|
|
Batting: RHB Bill Mannino
|
0-0: Foul Ball, location: 2F 0-1: Ball 1-1: Ball 2-1: Ground out 5-3 (Groundball, 56, EV 88.1 MPH)
|
|
Batting: RHB Mike Zern
|
0-0: Ball 1-0: Swinging Strike 1-1: Foul Ball, location: 2F 1-2: Ball 2-2: Strikes out swinging
|
| Top of the 5th over - 0 runs, 0 hits, 0 errors, 0 left on base; Chicago (NYP) 0 - Los Angeles (NYP) 2 |
| BOTTOM OF THE 5TH |
|
Los Angeles (NYP) Angels batting - Pitching for Chicago (NYP) White Sox : LHP Isaiah Oates
|
|
Batting: RHB Steve Hughey
|
0-0: Called Strike 0-1: Ground out 5-3 (Groundball, 56S, EV 91.9 MPH)
|
|
Batting: RHB David Kunze
|
0-0: Ball 1-0: Foul Ball, location: 2F 1-1: Swinging Strike 1-2: Ball 2-2: Strikes out swinging
|
|
Batting: RHB Zach Robbins
|
0-0: Ground out 1-3 (Groundball, 13S, EV 63.8 MPH)
|
| Bottom of the 5th over - 0 runs, 0 hits, 0 errors, 0 left on base; Chicago (NYP) 0 - Los Angeles (NYP) 2 |
| TOP OF THE 6TH |
|
Chicago (NYP) White Sox batting - Pitching for Los Angeles (NYP) Angels : RHP Nick Madrid
|
|
Batting: RHB Victor Orozco
|
0-0: Called Strike 0-1: Called Strike 0-2: Ball 1-2: DOUBLE (Flyball, 89D, EV 91.2 MPH)
|
|
Batting: SHB Jason Bresnahan
|
0-0: Ball 1-0: SINGLE (Groundball, 25, EV 61.2 MPH) (infield hit) Victor Orozco to third
|
|
Batting: RHB Justin Usner
|
0-0: Ball 1-0: Ball 2-0: Fly out, F7 (Flyball, 78D, EV 88.1 MPH) Runner from 3rd tags up, SCORES, throw by LF
|
|
Batting: RHB Jeremy Hoffert
|
0-0: Ball Jason Bresnahan steals 2nd base 1-0: Ball 2-0: Called Strike 2-1: SINGLE (Groundball, 6MD, EV 109.4 MPH) Jason Bresnahan to third Runner from 3rd tries for Home, SAFE, throw by CF to home Jeremy Hoffert to second
|
|
Batting: LHB Brandon Hopper
|
0-0: Ball Jeremy Hoffert steals 3rd base 1-0: Swinging Strike 1-1: SINGLE (Flyball, 9S, EV 91.2 MPH) Jeremy Hoffert scores
|
|
Batting: LHB Wes Goscinski
|
0-0: Called Strike 0-1: Called Strike 0-2: Ball 1-2: Foul Ball, location: 2F 1-2: Foul Ball, location: 2F 1-2: Ball Wild Pitch! Brandon Hopper to second 2-2: Foul Ball, location: 2F 2-2: Strikes out swinging
|
|
Pitching: LHP Brandon Davis
|
|
|
Batting: RHB Mitch Cuadros
|
0-0: Ball 1-0: Foul Ball, location: 2F 1-1: Swinging Strike 1-2: Ball 2-2: Ball 3-2: Foul Ball, location: 2F 3-2: Base on Balls
|
|
Batting: RHB Bill Mannino
|
0-0: Foul Ball, location: 2F 0-1: Swinging Strike 0-2: Foul Ball, location: 2F 0-2: Strikes out swinging
|
| Top of the 6th over - 3 runs, 4 hits, 0 errors, 2 left on base; Chicago (NYP) 3 - Los Angeles (NYP) 2 |
| BOTTOM OF THE 6TH |
|
Los Angeles (NYP) Angels batting - Pitching for Chicago (NYP) White Sox : LHP Isaiah Oates
|
|
Batting: RHB Steve Hasson
|
0-0: Foul Ball, location: 2F 0-1: Ball 1-1: SINGLE (Flyball, 89S, EV 85.6 MPH)
|
|
Batting: RHB Jeff Long
|
0-0: Ball 1-0: Ball 2-0: SINGLE (Groundball, 6S, EV 72.5 MPH) (infield hit) Steve Hasson to second
|
|
Batting: RHB Randy Grewe
|
0-0: Called Strike 0-1: Ball 1-1: Ball 2-1: Called Strike 2-2: Ball 3-2: Fielders Choice at 2nd, 3-6 (Groundball, 3, EV 94.4 MPH) Steve Hasson to third
|
|
Batting: RHB Jon Griffin
|
0-0: Called Strike 0-1: Ball 1-1: Ball 2-1: TRIPLE (Flyball, 7D, EV 103.1 MPH) Steve Hasson scores Randy Grewe scores
|
|
Batting: SHB Conor Davies
|
0-0: Foul Ball, location: 2F 0-1: Ball 1-1: Ball 2-1: Ball 3-1: Fly out, F8 (Flyball, 8RD, EV 105.0 MPH) Runner from 3rd tags up, SCORES, throw by CF
|
|
Batting: RHB Tsega Haida
|
0-0: Called Strike 0-1: Swinging Strike 0-2: Ball 1-2: Ball 2-2: Foul Ball, location: 2F 2-2: Fly out, F6 (Flyball, 56D, EV 95.6 MPH)
|
| Bottom of the 6th over - 3 runs, 3 hits, 0 errors, 0 left on base; Chicago (NYP) 3 - Los Angeles (NYP) 5 |
| TOP OF THE 7TH |
|
Chicago (NYP) White Sox batting - Pitching for Los Angeles (NYP) Angels : LHP Brandon Davis
|
|
Batting: RHB Mike Zern
|
0-0: Called Strike 0-1: Ball 1-1: Ball 2-1: Called Strike 2-2: Ball 3-2: Foul Ball, location: 2F 3-2: Foul Ball, location: 2F 3-2: Foul Ball, location: 2F 3-2: Base on Balls
|
|
Pitching: RHP Pete Warren
|
|
|
Batting: RHB Victor Orozco
|
0-0: Ball 1-0: Foul Ball, location: 2F 1-1: Called Strike Mike Zern is caught stealing 2nd base 2-4 1-2: Foul Ball, location: 2F 1-2: Strikes out swinging
|
|
Batting: SHB Jason Bresnahan
|
0-0: DOUBLE (Groundball, 3L, EV 103.1 MPH)
|
|
Batting: RHB Justin Usner
|
0-0: Ground out 6-3 (Groundball, 6, EV 106.2 MPH)
|
| Top of the 7th over - 0 runs, 1 hit, 0 errors, 1 left on base; Chicago (NYP) 3 - Los Angeles (NYP) 5 |
| BOTTOM OF THE 7TH |
|
Los Angeles (NYP) Angels batting - Pitching for Chicago (NYP) White Sox : LHP Isaiah Oates
|
|
Pitching: LHP Yusufu Mustafa
|
|
|
Batting: RHB Steve Hughey
|
0-0: Called Strike 0-1: Called Strike 0-2: Ball 1-2: Strikes out swinging
|
|
Batting: RHB David Kunze
|
0-0: Ball 1-0: Ball 2-0: Ball 3-0: Called Strike 3-1: Foul Ball, location: 2F 3-2: Base on Balls
|
|
Batting: RHB Zach Robbins
|
0-0: Called Strike 0-1: Ball 1-1: Foul Ball, location: 2F 1-2: Ball 2-2: Fly out, F9 (Line Drive, 9D, EV 99.4 MPH)
|
|
Batting: RHB Steve Hasson
|
0-0: Called Strike 0-1: Called Strike 0-2: Ball 1-2: Strikes out swinging
|
| Bottom of the 7th over - 0 runs, 0 hits, 0 errors, 1 left on base; Chicago (NYP) 3 - Los Angeles (NYP) 5 |
| TOP OF THE 8TH |
|
Chicago (NYP) White Sox batting - Pitching for Los Angeles (NYP) Angels : RHP Pete Warren
|
|
Batting: RHB Jeremy Hoffert
|
0-0: Ball 1-0: Foul Ball, location: 2F 1-1: SOLO HOME RUN (Line Drive, 9LD, EV 93.8 MPH), Distance : 370 ft
|
|
Batting: LHB Brandon Hopper
|
0-0: Called Strike 0-1: SINGLE (Groundball, 4MD, EV 98.8 MPH)
|
|
Batting: LHB Wes Goscinski
|
0-0: Ball 1-0: Ball 2-0: Foul Ball, location: 2F 2-1: Ball 3-1: Base on Balls Brandon Hopper to second
|
|
Batting: LHB James Groshong
|
0-0: Ball 1-0: Ball 2-0: Called Strike 2-1: 3-RUN HOME RUN (Flyball, 9D, EV 98.8 MPH), Distance : 402 ft
|
|
Pitching: RHP Joe Schuler
|
|
|
Batting: RHB Bill Mannino
|
0-0: Called Strike 0-1: Foul Ball, location: 2F 0-2: Strikes out looking
|
|
Batting: RHB Mike Zern
|
0-0: Ball 1-0: Ball 2-0: Called Strike 2-1: Called Strike 2-2: SINGLE (Groundball, 6MD, EV 96.9 MPH)
|
|
Batting: RHB Victor Orozco
|
0-0: Called Strike 0-1: Fielders Choice at 2nd, 6-4 (Groundball, 6MS, EV 88.1 MPH)
|
|
Batting: SHB Jason Bresnahan
|
0-0: Ball 1-0: Ball 2-0: Ball 3-0: Called Strike 3-1: Base on Balls Victor Orozco to second
|
|
Batting: RHB Justin Usner
|
0-0: Ball 1-0: Swinging Strike 1-1: Ball 2-1: Ball 3-1: Foul Ball, location: 2F 3-2: Fly out, F8 (Flyball, 8LXD, EV 100.0 MPH)
|
| Top of the 8th over - 4 runs, 4 hits, 0 errors, 2 left on base; Chicago (NYP) 7 - Los Angeles (NYP) 5 |
| BOTTOM OF THE 8TH |
|
Los Angeles (NYP) Angels batting - Pitching for Chicago (NYP) White Sox : LHP Yusufu Mustafa
|
|
Pitching: RHP Ian Savary
|
|
|
Batting: RHB Jeff Long
|
0-0: Ball 1-0: Fly out, F7 (Flyball, 7S, EV 96.9 MPH)
|
|
Batting: RHB Randy Grewe
|
0-0: Called Strike 0-1: Ball 1-1: Ball 2-1: Called Strike 2-2: Foul Ball, location: 2F 2-2: Foul Ball, location: 2F 2-2: Fly out, F4 (Popup, 4, EV 67.5 MPH)
|
|
Batting: RHB Jon Griffin
|
0-0: Called Strike 0-1: Called Strike 0-2: Ball 1-2: Strikes out looking
|
| Bottom of the 8th over - 0 runs, 0 hits, 0 errors, 0 left on base; Chicago (NYP) 7 - Los Angeles (NYP) 5 |
| TOP OF THE 9TH |
|
Chicago (NYP) White Sox batting - Pitching for Los Angeles (NYP) Angels : RHP Joe Schuler
|
|
Pitching: RHP Kevin Greene
|
|
|
Batting: RHB Jeremy Hoffert
|
0-0: Foul Ball, location: 2F 0-1: Foul Ball, location: 2F 0-2: Ball 1-2: Ball 2-2: Foul Ball, location: 2F 2-2: Ball 3-2: Strikes out swinging
|
|
Batting: LHB Brandon Hopper
|
0-0: Called Strike 0-1: Ball 1-1: Called Strike 1-2: Foul Ball, location: 2F 1-2: Strikes out swinging
|
|
Batting: LHB Wes Goscinski
|
0-0: Ball 1-0: Ball 2-0: Called Strike 2-1: Fly out, F9 (Flyball, 89S, EV 92.5 MPH)
|
| Top of the 9th over - 0 runs, 0 hits, 0 errors, 0 left on base; Chicago (NYP) 7 - Los Angeles (NYP) 5 |
| BOTTOM OF THE 9TH |
|
Los Angeles (NYP) Angels batting - Pitching for Chicago (NYP) White Sox : RHP Ian Savary
|
|
Pitching: LHP Steven Wolf
|
|
|
Batting: SHB Conor Davies
|
0-0: SINGLE (Groundball, 34D, EV 97.5 MPH)
|
|
Batting: RHB Tsega Haida
|
0-0: Ball 1-0: Ball 2-0: Swinging Strike 2-1: Swinging Strike 2-2: Strikes out looking
|
|
Batting: RHB Steve Hughey
|
0-0: Ball 1-0: DOUBLE (Flyball, 78XD, EV 101.9 MPH) Conor Davies to third
|
|
Batting: RHB David Kunze
|
0-0: Called Strike 0-1: Called Strike 0-2: Ball 1-2: Foul Ball, location: 2F 1-2: Strikes out looking
|
|
Batting: RHB Zach Robbins
|
0-0: Called Strike 0-1: Ground out 5-3 (Groundball, 25, EV 80.6 MPH)
|
| Bottom of the 9th over - 0 runs, 2 hits, 0 errors, 2 left on base; Chicago (NYP) 7 - Los Angeles (NYP) 5 |
|